 Dungeon Crawl Stone Soup version 0.29-a0-317-gd16b76e6b1 (webtiles) character file.

Game seed: 2224306827146132655

415 kae the Firebug (level 6, 0/35 HPs)
             Began as a Tengu Fire Elementalist on Mar 31, 2022.
             Succumbed to a water moccasin's poison
             ... on level 5 of the Dungeon.
             The game lasted 00:03:22 (5463 turns).

kae the Firebug (Tengu Fire Elementalist)           Turns: 5463, Time: 00:03:23

Health: 0/35       AC:  3    Str:  8    XL:     6   Next: 92%
Magic:  7/11       EV: 15    Int: 18    God:
Gold:   118        SH:  0    Dex: 14    Spells: 2/11 levels left

rFire   . . .      SeeInvis .   f - +0 dagger
rCold   . . .      Faith    .   (no shield)
rNeg    . . .      Spirit   .   a - +1 robe
rPois   .          Reflect  .   (helmet restricted)
rElec   .          Harm     .   (no cloak)
rCorr   .          Rampage  .   (no gloves)
Will    .....                   (boots unavailable)
Stlth   ++........              (no amulet)
HPRegen 0.11/turn               (no ring)
MPRegen 0.12/turn               (no ring)

@: lethally poisoned (0 -> -11), flying quickly and evasively, quick
A: beak, talons 3, nimble flight
a: no special abilities


You were on level 5 of the Dungeon.
You visited 1 branch of the dungeon, and saw 5 of its levels.

You collected 328 gold pieces.
You spent 210 gold pieces at shops.

Inventory:

Hand Weapons
 f - a +0 dagger (weapon)
Armour
 a - a +1 robe (worn)
Jewellery
 j - a ring of positive energy
 o - a ring of poison resistance
 q - a +4 ring of evasion
Wands
 p - a wand of charming (6)
Scrolls
 c - a scroll of amnesia
 k - a scroll of holy word
Potions
 d - a potion of flight
 e - a potion of curing
 g - a potion of heal wounds
 h - 4 potions of brilliance
 i - a potion of ambrosia
 l - a potion of lignification {unknown}
 m - 2 potions of might
 r - 2 potions of mutation


   Skills:
 + Level 2.1 Fighting
 + Level 2.3 Armour
 + Level 3.3 Dodging
 - Level 2.0 Stealth
 + Level 3.1 Spellcasting
 + Level 3.5 Conjurations
 * Level 5.3 Fire Magic


You had 2 spell levels left.
You knew the following spells:

 Your Spells              Type           Power      Damage    Failure   Level
a - Foxfire               Conj/Fire      72%        2x1d7     2%          1
b - Scorch                Fire           44%        2d7       2%          2
c - Conjure Flame         Conj/Fire      18%        6-21      8%          3
d - Inner Flame           Hex/Fire       12%        N/A       16%         3

Your spell library contained the following spells:

 Spells                   Type           Power      Damage    Failure   Level
 Sublimation of Blood     Necr           2%         N/A       24%         2
 Flame Wave               Conj/Fire      18%        2d6       26%         4
 Leda's Liquefaction      Hex/Erth       1%         N/A       85%         4
 Petrify                  Tmut/Erth      2%         N/A       85%         4
 Irradiate                Conj/Tmut      4%         3d14      91%         5
 Lee's Rapid Deconstruct  Erth           1%         3d5*      99%         5
 Statue Form              Tmut/Erth      1%         N/A       100%        6


Dungeon Overview and Level Annotations

Branches:
Dungeon (5/15)
 Temple: D:4-7

Altars:
Ashenzari

Shops:
D:2 (   D:3 *   D:4 !

Annotations:
D:5 Pikel


Innate Abilities, Weirdness & Mutations

You have a beak for a mouth.
You have claws for feet.
Your magical nature lets you fly swiftly and evasively.


Message History

* * * LOW HITPOINT WARNING * * *
The necrophage is engulfed in a cloud of scalding steam.
The necrophage barely misses you. The water moccasin bites you.
* * * LOW HITPOINT WARNING * * *
Casting: Scorch (safe; 3% risk of failure)
Confirm with . or Enter, or press ? or * to list all spells.
You don't have enough magic to cast this spell.
Okay, then.
The water moccasin attacks as you move away!
The water moccasin closely misses you.
* * * LOW HITPOINT WARNING * * *
You feel very sick.
You feel better. The necrophage misses you.
Casting: Scorch (safe; 3% risk of failure)
Confirm with . or Enter, or press ? or * to list all spells.
Flames lash the necrophage.
The necrophage is burned terribly!
You destroy the necrophage!
Your Spellcasting skill increases to level 3!
Your Fire Magic skill increases to level 5!
The water moccasin misses you. Magic courses through your body.
The water moccasin barely misses you.
The water moccasin completely misses you.
Casting: Scorch (safe; 3% risk of failure)
Confirm with . or Enter, or press ? or * to list all spells.
Flames lash the water moccasin.
The water moccasin is almost dead.
The water moccasin's fire resistance burns away.
The water moccasin bites you but does no damage.
The water moccasin bites you!
* * * LOW HITPOINT WARNING * * *
You are lethally poisoned!
The water moccasin poisons you!
Casting: Scorch (safe; 3% risk of failure)
Confirm with . or Enter, or press ? or * to list all spells.
Flames lash the water moccasin.
The water moccasin is burned terribly!
You kill the water moccasin!
* * * LOW HITPOINT WARNING * * *
You feel very sick.
Your Fighting skill increases to level 2!
You die...

#.# #.#
###########.#
#.#
#...........#
#.#
#.#..########
#.# #....# #.#
#.#..#.#######
#.#
#≈≈.≈≈........
#.#
...≈#+#≈#######.
##.. +....†@.#
## #≈.####.#
#≈≈.≈≈S.....#
#.#..#....#.#
##.#.####.#
#.... .# #.#.#
.# ### ##


There were no monsters in sight!

Vanquished Creatures
  A water moccasin (D:5)
  3 lemures (D:4)
  2 necrophages
  2 iguanas
  6 adders
  An ufetubus (D:5)
  2 worms (D:4)
  2 dart slugs
  5 orcs
  4 endoplasms
  6 giant cockroaches
  3 goblins (D:1)
  5 hobgoblins
  5 jackals
  5 kobolds
  3 quokkas
  6 ball pythons
  9 bats
  5 frilled lizards
  5 rats
80 creatures vanquished.

Vanquished Creatures (others)
  188 foxfires
  A plant (D:5)
189 creatures vanquished.

Grand Total: 269 creatures vanquished

Notes
Turn   | Place    | Note
-------+----------+-------------------------------------------
     0 | D:1      | kae the Tengu Fire Elementalist began the quest for the
                  | Orb.
     0 | D:1      | Reached XP level 1. HP: 10/10 MP: 4/4
   501 | D:1      | You fall into a shaft and drop 1 floor!
   689 | D:1      | Reached XP level 2. HP: 16/16 MP: 4/6
   789 | D:1      | Learned a level 2 spell: Scorch
  1249 | D:1      | Reached XP level 3. HP: 20/20 MP: 4/7
  1253 | D:1      | Learned a level 3 spell: Conjure Flame
  1342 | D:1      | Found a faded altar of an unknown god.
  1748 | D:2      | Found Tamean's Antique Weapon Boutique.
  1797 | D:2      | Reached skill level 1 in Fighting
  1797 | D:2      | Reached skill level 1 in Armour
  2045 | D:2      | Reached skill level 4 in Fire Magic
  2045 | D:2      | Reached XP level 4. HP: 25/25 MP: 5/8
  3139 | D:3      | Found Qapn's Assorted Antiques.
  3144 | D:3      | Bought a scroll labelled JUEKAE SOINUJEF for 28 gold pieces
  3144 | D:3      | Bought an inky potion for 25 gold pieces
  3144 | D:3      | Bought a silvery potion for 25 gold pieces
  3890 | D:4      | Noticed a necrophage
  4012 | D:4      | Found Jefury's Distillery.
  4032 | D:4      | Killed a necrophage
  4033 | D:4      | Gained mutation: Your magical nature lets you fly swiftly
                  | and evasively. [Tengu growth]
  4033 | D:4      | Reached XP level 5. HP: 23/29 MP: 2/10
  4125 | D:4      | Bought a potion of curing for 36 gold pieces
  4125 | D:4      | Bought a potion of mutation for 96 gold pieces
  4328 | D:4      | Found a broken altar of Ashenzari.
  4555 | D:4      | Reached XP level 6. HP: 35/35 MP: 6/11
  4821 | D:5      | Entered Level 5 of the Dungeon
  4826 | D:5      | Learned a level 3 spell: Inner Flame
  5349 | D:5      | Noticed Pikel
  5437 | D:5      | Noticed a water moccasin
  5458 | D:5      | Reached skill level 5 in Fire Magic
  5462 | D:5      | Killed a water moccasin
  5463 | D:5      | Succumbed to a water moccasin's poison

Illustrated notes

Levels and vault maps discovered:
D:1:      onia_arrival_mini_maze, layout_rooms,
          hellmonk_ecumenical_altar_inner_sanctum
D:2:      minmay_alternating_diamond, layout_loops_ring, serial_shops,
          nicolae_shop_advertising_works [nicolae_subvault_shop_adworks],
          minmay_misc_feat_tiny, minmay_between
D:3:      layout_loops_ring, serial_shops, shop
D:4:      layout_loops_cross, evilmike_ruin_ashenzari, serial_shops, shop_coins
D:5:      corexii_shantytown, layout_basic, kennysheep_mini_moat, uniq_pikel,
          uniq_edmund

Skill      XL: |  1  2  3  4  5  6 |
---------------+-------------------+-----
Conjurations   | 2 3 |  3.5
Fighting       | 1 2 |  2.1
Armour         | 1 2 |  2.3
Fire Magic     | 4 5 |  5.3
Dodging        | 3 |  3.3
Spellcasting   | 3 |  3.1
Stealth        | |  2.0

Action                   |  1- 3 |  4- 6 || total
-------------------------+-------+-------++-------
Melee: Unarmed           |    10 |       ||    10
       Kick              |     5 |       ||     5
       Peck              |     2 |       ||     2
       Punch             |     1 |       ||     1
       Dagger            |     5 |     1 ||     6
 Cast: Foxfire           |    48 |    72 ||   120
       Scorch            |     8 |    44 ||    52
  Use: Scroll            |       |    11 ||    11
       Potion            |       |     3 ||     3
Armor: Robe              |     8 |     5 ||    13
Dodge: Dodged            |    32 |    35 ||    67

Table legend: (Time is in decaauts)
 A = Elapsed time spent in this place.
 B = Non-inter-level travel time spent in this place.
 C = Inter-level travel time spent in this place.
 D = Time resting spent in this place.
 E = Time spent auto-exploring this place.
 F = Levels seen in this place.
 G = Mean time per level.
                   A        B        C        D        E       F      G
               +--------+--------+--------+--------+--------+-----+--------+
         Total |   5419 |   5266 |    153 |    284 |   4359 |   5 | 1083.8 |
       Dungeon |   5419 |   5266 |    153 |    284 |   4359 |   5 | 1083.8 |
               +--------+--------+--------+--------+--------+-----+--------+

Top non-repeatable levels by time:
     D:1: 1608 daAuts
     D:4: 1481 daAuts
     D:2: 1079 daAuts
     D:3: 1022 daAuts
     D:5: 227 daAuts
